 Dungeon Crawl Stone Soup version 0.17-a0-157-g289cc6a (webtiles) character file.

60 Ngotmuk the Covered (level 4, -1/35 HPs)
             Began as a Human Fighter on Mar 27, 2015.
             Slain by an orc wizard
             ... wielding a +0 dagger
              (2 damage)
             ... on level 3 of the Dungeon.
             The game lasted 00:08:31 (1554 turns).

Ngotmuk the Covered (Human Fighter)                 Turns: 1554, Time: 00:08:31

Health: -1/35      AC:  8    Str: 17    XL:     4   Next: 24%
Magic:  4/4        EV:  9    Int:  8    God:
Gold:   89         SH:  0    Dex: 13    Spells: 0 memorised, 3 levels left

rFire  . . .     SeeInvis .     a - +0 long sword
rCold  . . .     Clarity  .     b - +0 scale mail
rNeg   . . .     SustAb   .     (no shield)
rPois  .         Gourm    .     t - +0 helmet
rElec  .         Spirit   .     (no cloak)
rCorr  .         Warding  .     (no gloves)
rMut   .         Stasis   .     (no boots)
MR     .....                    (no amulet)
Stlth  ..........               (no ring)
                                (no ring)

@: not resistant to hostile enchantments, extremely unstealthy
A: no striking features
a: no special abilities


You were on level 3 of the Dungeon.
You were hungry.

You visited 1 branch of the dungeon, and saw 3 of its levels.

You collected 89 gold pieces.

Inventory:

Hand weapons
 a - a +0 long sword (weapon)
Armour
 b - a +0 scale mail (worn)
 t - a +0 helmet (worn)
Scrolls
 f - a scroll of noise {unknown}
 g - a scroll of fog {unknown}
 i - a scroll of teleportation {unknown}
 j - 2 scrolls of fear {unknown}
 m - a scroll of random uselessness {unknown}
 n - a scroll of amnesia {unknown}
 o - 2 scrolls of recharging {unknown}
 p - a scroll of identify {unknown}
 s - a scroll of remove curse {unknown}
 u - a scroll of enchant armour {unknown}
 w - a scroll of magic mapping {unknown}
 x - a scroll of blinking {unknown}
Potions
 e - 2 potions of might
 h - 2 potions of restore abilities {unknown}
 k - a potion of heal wounds {unknown}
 l - 2 potions of curing {unknown}
 r - a potion of resistance {unknown}
 v - 2 potions of poison {unknown}
Comestibles
 c - a beef jerky
 d - 2 bread rations
 q - a fruit


   Skills:
 + Level 3.2 Fighting
 * Level 3.5 Long Blades
 - Level 3.5 Armour
   Level 3.0 Shields


You had 3 spell levels left.
You didn't know any spells.

Dungeon Overview and Level Annotations

Branches:
Dungeon (3/15)

Altars:
Xom
Zin


Message History

You hit the orc wizard but do no damage.
The orc hits you but does no damage.
The orc wizard hits you but does no damage.
You closely miss the orc wizard. The orc wizard hits you with a dagger.
* * * LOW HITPOINT WARNING * * *
The orc barely misses you.
The orc wizard hits you but does no damage.
You hit the orc wizard.
The orc wizard is lightly wounded.
The orc wizard closely misses you. The orc hits you but does no damage.
The orc wizard becomes somewhat translucent.
You closely miss the orc wizard.
The orc wizard is lightly wounded.
The orc wizard closely misses you. The orc hits you but does no damage.
The orc wizard hits you but does no damage.
You hit the orc wizard.
The orc wizard is heavily wounded.
The orc wizard barely misses you. The orc hits you but does no damage.
The orc wizard hits you with a dagger.
You die...

#############
#...........#
#...........#
#...........#
#...........#
#...........#
#...........#######
#...........##oo@.#
#..)†.......##o##o#
#....)..........#.#
..............>.#.#
...#########.o..#.#
##.##### #...##.#
#.....# #.... .#
##....# #...####
#....# ##..#


You could see an orc wizard and 3 orcs.

Vanquished Creatures
  A worm (D:3)
  An ooze (D:1)
  An orc (D:2)
  6 giant cockroaches (D:1)
  9 goblins
  9 hobgoblins
  2 jackals (D:2)
  6 kobolds
  2 quokkas
  A ball python (D:2)
  4 bats
  A giant gecko (D:1)
  2 giant newts
  7 rats
52 creatures vanquished.

Notes
Turn   | Place    | Note
--------------------------------------------------------------
     0 | D:1      | Ngotmuk, the Human Fighter, began the quest for the Orb.
     0 | D:1      | Reached XP level 1. HP: 18/18 MP: 1/1
    81 | D:1      | Reached XP level 2. HP: 14/24 MP: 2/2
   344 | D:1      | Reached XP level 3. HP: 29/29 MP: 3/3
  1398 | D:3      | Found a shimmering altar of Xom.
  1398 | D:3      | Noticed an angel
  1399 | D:3      | Found a glowing silver altar of Zin.
  1419 | D:3      | Reached XP level 4. HP: 35/35 MP: 4/4
  1551 | D:3      | HP: 1/35 [orc wizard/dagger (2)]
  1554 | D:3      | Slain by an orc wizard

Action                   |  1- 3 |  4- 6 || total
-------------------------+-------+-------++-------
Melee: Long sword        |   129 |    47 ||   176
  Eat: Fruit             |     2 |       ||     2
